Map: Thunderbird LE

Players

Coffeecake - Winner!

  • Race: Zerg Zerg
  • Spawn Location: 5:00

pHARM

  • Race: Zerg Zerg
  • League: Platinum
  • Spawn Location: 11:00

VOD

Have the link to the VOD?

Description

Time

  • Played on: Sept. 14, 2019, 8:20 p.m.
  • Length: 5:31
Show
View Real Time Build Order
Export as new Build Order

Coffeecake Zerg - Winner!

Build Orders: Pool First 

Get SALT Encoding   

  12  0:19  Spawning Pool  
  11  0:22  Drone  
  11  0:26  Drone  
  13  0:31  Drone  
  14  0:42  Overlord  
  14  1:07  Zergling x6  
  14  1:10  Extractor  
  16  1:21  Hatchery  
  15  1:29  Drone  
  15  1:30  Drone  
  17  1:50  Drone  
  18  1:59  Queen  
  20  2:08  Overlord  
  20  2:17  Metabolic Boost  
  19  2:36  Zergling x8  
  21  2:45  Zergling x2  
  21  2:50  Zergling x2  
  23  2:57  Baneling Nest  
  22  3:01  Drone x2  
  22  3:05  Queen  
  26  3:11  Drone x2  
  28  3:17  Drone  
  28  3:19  Zergling x2  
  30  3:22  Zergling x2  
  30  3:25  Zergling x2  
  32  3:31  Zergling x2  
  32  3:32  Zergling x2  
  34  3:44  Zergling x4  
  34  3:46  Zergling x2  
  36  3:51  Overlord  
  33  4:02  Baneling x4  
  32  4:04  Zergling x6  
  35  4:10  Zergling x4  
  36  4:31  Zergling x6  
  36  4:32  Zergling x4  
  41  4:43  Zergling x4  
  38  4:53  Drone x2  
  36  5:07  Zergling x4  
  36  5:12  Zergling x2  
Show
View Real Time Build Order
Export as new Build Order

pHARM Zerg 

Build Orders: Hatch First 

Get SALT Encoding   

  12  0:01  Drone  
  13  0:13  Overlord  
  13  0:24  Drone  
  14  0:32  Drone x2  
  16  0:53  Hatchery  
  15  0:57  Drone x2  
  15  1:02  Drone  
  18  1:22  Extractor  
  17  1:26  Drone x2, Spawning Pool  
  17  1:31  Drone  
  19  1:47  Drone  
  20  1:53  Drone  
  21  2:03  Overlord  
  18  2:25  Drone, Queen x2, Zergling x4  
  18  2:26  Zergling x2  
  24  2:44  Drone  
  25  2:56  Drone x2  
  25  2:58  Drone  
  28  3:10  Queen  
  30  3:25  Baneling Nest  
  29  3:33  Zergling x6, Drone  
  35  3:34  Drone x2  
  34  3:46  Zergling x8  
  31  3:59  Metabolic Boost  
  31  4:02  Queen  
  33  4:09  Baneling  
  33  4:10  Baneling x2  
  33  4:19  Drone x3  
  36  4:27  Baneling  
  33  4:49  Zergling x6  
  31  5:09  Zergling x6  
Tags
 
League
Platinum
Matchup
ZvZ
Race
Zerg
Replay Pack
10.7.19
Spawn Locations
Cross Positions
Add a new tag
Caveats
  • Supply blocks, unpowered buildings, or Contaminate may cause inaccurate times.
  • Supply counts are checked every 10 seconds.